Map: Ulrena

Players

Julebrygd

  • Race: Protoss Protoss

A.I. 1 (Harder) - Winner!

  • Race: Terran Terran

VOD

Have the link to the VOD?

Description

Time

  • Played on: Feb. 25, 2016, 1:43 a.m.
  • Length: 20:58
Show
View Real Time Build Order
Export as new Build Order

Julebrygd Protoss 

Build Orders: Blink Stalkers 

Get SALT Encoding   

  12  0:01  Probe (Chrono Boost)  
  13  0:15  Pylon  
  13  0:20  Probe (Chrono Boost)  
  14  0:35  Gateway  
  14  0:37  Probe (Chrono Boost)  
  15  0:46  Assimilator  
  15  0:48  Probe (Chrono Boost)  
  16  1:01  Probe (Chrono Boost)  
  17  1:12  Probe (Chrono Boost)  
  17  1:14  Assimilator  
  18  1:23  Probe (Chrono Boost)  
  19  1:26  Cybernetics Core  
  19  1:36  Probe (Chrono Boost)  
  20  1:47  Probe (Chrono Boost)  
  21  1:56  Nexus  
  21  2:04  Probe (Chrono Boost)  
  21  2:07  Pylon  
  22  2:25  Adept  
  24  2:30  Twilight Council  
  24  2:33  Probe (Chrono Boost)  
  25  2:54  Pylon  
  25  2:56  Pylon  
  25  3:01  Probe (Chrono Boost)  
  25  3:04  Robotics Facility  
  26  3:12  Mothership Core (Chrono Boost)  
  28  3:20  Warp Gate  
  28  3:23  Sentry  
  28  3:25  Probe (Chrono Boost)  
  31  3:30  Probe (Chrono Boost)  
  31  3:33  Assimilator  
  32  3:36  Probe (Chrono Boost)  
  32  3:41  Probe (Chrono Boost)  
  34  3:46  Blink (Chrono Boost)  
  34  3:57  Pylon  
  34  4:00  Gateway, Stalker  
  36  4:11  Observer  
  37  4:24  Probe  
  37  4:25  Probe  
  39  4:31  Warp Prism  
  39  4:33  Assimilator  
  39  4:34  Probe  
  39  4:37  Probe  
  43  4:39  Stalker  
  43  4:45  Probe  
  45  4:49  Probe  
  45  4:50  Pylon  
  47  5:01  Probe  
  47  5:02  Robotics Bay, Probe  
  49  5:11  Probe  
  50  5:14  Probe  
  51  5:25  Gateway  
  51  5:28  Gateway  
  51  5:44  Zealot x2  
  51  5:49  Charge (Chrono Boost)  
  55  5:52  Disruptor (Chrono Boost)  
  48  6:24  Stalker x2  
  48  6:25  Colossus (Chrono Boost)  
  54  6:50  Stalker  
  52  7:26  Pylon  
  52  7:28  Pylon  
  52  7:30  Pylon  
  52  7:33  Pylon  
  52  7:37  Pylon  
  52  7:45  Gateway, Disruptor (Chrono Boost)  
  52  7:47  Gateway  
  52  7:50  Nexus  
  55  7:52  Pylon  
  55  8:01  Probe  
  55  8:02  Probe  
  57  8:08  Extended Thermal Lance  
  57  8:11  Zealot x3  
  57  8:12  Zealot  
  65  8:16  Colossus (Chrono Boost)  
  71  8:21  Gateway  
  71  8:23  Gateway  
  70  9:12  Sentry x5  
  70  9:13  Sentry  
  70  9:16  Colossus (Chrono Boost)  
  88  9:48  Observer Gravitic Boosters, Stalker  
  88  9:49  Stalker x5  
  103  10:22  Colossus (Chrono Boost)  
  103  10:34  Pylon  
  103  10:37  Pylon  
  103  10:41  Assimilator  
  103  10:44  Assimilator  
  81  11:03  Zealot x2  
  81  11:04  Zealot x4  
  76  11:34  Colossus (Chrono Boost)  
  74  11:49  Stalker  
  74  11:50  Stalker x5  
  86  12:05  Sentry x2  
  90  12:11  Probe x2  
  90  12:12  Probe  
  93  12:20  Colossus (Chrono Boost)  
  93  12:22  Zealot x3  
  103  12:23  Zealot x3  
  103  12:24  Probe  
  70  13:28  Stalker x6  
  70  13:29  Stalker  
  84  13:52  Sentry  
  84  13:53  Sentry x5  
  84  13:54  Sentry x2  
  100  14:07  Templar Archives  
  100  14:13  Colossus (Chrono Boost)  
  106  14:19  Zealot x4  
  114  14:53  Zealot  
  114  14:54  Zealot x5  
  70  15:54  Stalker x2  
  70  15:55  Stalker x5  
  70  15:56  Stalker  
  86  16:21  Colossus (Chrono Boost)  
  64  16:59  Zealot  
  64  17:00  Zealot x5  
  64  17:01  Zealot x2  
  80  17:08  Colossus (Chrono Boost)  
  86  17:21  Nexus  
  86  17:23  Pylon  
  86  17:25  Pylon, Stalker x2  
  86  17:29  Assimilator  
  90  17:33  Assimilator  
  90  17:35  Pylon  
  90  17:41  High Templar x5  
  90  17:42  High Templar  
  102  17:46  Archon x2  
  102  17:47  Archon  
  102  18:05  Stalker  
  102  18:06  Stalker  
  106  18:15  Stalker x2  
  106  18:16  Stalker x3  
  106  18:17  Stalker  
  118  18:30  Colossus (Chrono Boost)  
  124  18:37  Sentry x2  
  124  18:38  Sentry  
  124  18:39  Sentry x3  
  52  19:20  Stalker x3  
  52  19:21  Stalker x3  
  64  19:58  Sentry  
  64  19:59  Sentry  
  68  20:02  Zealot  
  68  20:03  Zealot x4  
  68  20:04  Zealot  
  80  20:30  Zealot  
  80  20:31  Zealot x7  
Show
View Real Time Build Order
Export as new Build Order

A.I. 1 (Harder) Terran - Winner!

Build Orders: MMM Bio 

Get SALT Encoding   

  12  0:00  SCV  
  13  0:13  SCV  
  14  0:20  Supply Depot  
  14  0:25  SCV  
  15  0:41  SCV  
  16  0:44  Barracks  
  16  0:50  Refinery  
  16  0:54  SCV  
  17  1:06  SCV  
  18  1:18  SCV  
  19  1:22  Supply Depot  
  19  1:30  SCV  
  19  1:31  Marine  
  21  1:42  Barracks  
  21  1:44  Orbital Command  
  21  1:49  Refinery, Barracks Tech Lab  
  21  2:07  Marine  
  21  2:08  Supply Depot  
  22  2:25  Marine  
  22  2:29  Factory, Marine  
  24  2:43  Marauder  
  26  2:52  Marine  
  27  3:04  Marine  
  28  3:08  Supply Depot  
  28  3:10  Marine  
  29  3:15  Starport  
  29  3:22  Marine  
  30  3:37  SCV  
  30  3:40  Marauder  
  33  3:45  Supply Depot  
  33  3:49  SCV  
  33  3:52  Starport Tech Lab  
  34  4:01  SCV  
  34  4:02  Engineering Bay, Marauder  
  37  4:11  Banshee  
  37  4:13  SCV  
  41  4:23  Marauder  
  43  4:26  SCV  
  44  4:38  SCV  
  45  4:54  Banshee  
  48  5:37  Barracks Tech Lab  
  48  5:38  Stimpack, Reaper, Terran Infantry Weapons Level 1  
  48  5:39  Factory, Factory Tech Lab  
  49  5:43  Starport  
  49  5:46  Supply Depot  
  49  5:47  Command Center  
  49  5:55  Concussive Shells, Marine  
  50  6:09  Marine  
  50  6:11  Supply Depot  
  50  6:13  Marine  
  45  6:18  Starport Tech Lab  
  45  6:24  Factory Tech Lab  
  45  6:27  Marine  
  45  6:31  Marauder  
  48  6:37  Ghost Academy, Combat Shields  
  43  6:45  Marine  
  43  6:52  Marine  
  44  7:03  Marine  
  44  7:04  SCV  
  44  7:05  SCV  
  46  7:09  Refinery  
  46  7:11  Marauder  
  47  7:16  SCV  
  47  7:18  SCV  
  47  7:21  Marine  
  49  7:23  Refinery  
  49  7:28  SCV  
  47  7:30  SCV  
  47  7:31  Marine  
  47  7:32  Terran Infantry Armor Level 1  
  49  7:39  Marine  
  49  7:40  SCV  
  49  7:42  SCV  
  52  7:49  Marine  
  53  7:52  SCV  
  53  7:54  SCV  
  53  7:57  Marauder  
  57  8:01  Raven  
  57  8:04  SCV  
  60  8:06  SCV  
  60  8:07  Ghost  
  60  8:11  Raven  
  65  8:16  SCV  
  65  8:18  Missile Turret, Marine  
  67  8:24  Supply Depot, SCV  
  68  8:29  SCV  
  69  8:35  Missile Turret  
  69  8:36  Reaper, Marine, SCV  
  69  8:41  SCV  
  73  8:42  Missile Turret  
  73  8:48  SCV  
  74  8:49  Missile Turret  
  74  8:53  SCV  
  74  8:54  Marauder  
  77  8:57  Supply Depot  
  77  9:00  SCV  
  76  9:04  Bunker  
  76  9:05  SCV  
  76  9:08  Marine  
  78  9:15  Bunker, Marauder  
  80  9:22  Sensor Tower  
  80  9:25  Armory  
  80  9:26  Marauder  
  82  9:34  Barracks  
  82  9:36  Ghost  
  73  9:47  Marine  
  74  10:02  Command Center  
  74  10:05  Marine x2  
  76  10:13  Factory  
  76  10:20  Medivac  
  76  10:21  Barracks Reactor  
  78  10:23  Marine, Marauder  
  78  10:25  Siege Tank  
  84  10:28  Medivac  
  84  10:33  Starport  
  84  10:35  Supply Depot  
  86  10:40  Marine  
  87  10:44  Marine  
  77  10:50  Raven  
  77  10:57  Factory Tech Lab  
  72  10:58  Medivac  
  72  10:59  Marine, Marauder  
  72  11:02  Marine x2  
  75  11:10  Starport Reactor  
  75  11:17  Marine  
  76  11:20  Marine, Marauder x2  
  76  11:22  SCV  
  76  11:23  Siege Tank  
  84  11:26  SCV  
  84  11:28  Raven  
  81  11:34  Marine  
  81  11:38  Marine  
  74  11:41  Marine, Marauder  
  77  11:47  Refinery  
  77  11:50  Siege Tank, SCV  
  77  11:51  SCV  
  77  11:52  Marine  
  77  11:53  SCV  
  84  11:55  Marine  
  84  11:59  Terran Infantry Weapons Level 2, Marine  
  86  12:02  Marine, SCV  
  86  12:04  SCV  
  86  12:05  SCV  
  90  12:10  Marine  
  90  12:13  Terran Vehicle Weapons Level 1, Marine  
  90  12:14  SCV  
  93  12:16  SCV  
  93  12:17  Marine, SCV  
  93  12:21  Marauder  
  98  12:26  SCV  
  98  12:28  Missile Turret, Marine  
  100  12:30  SCV  
  100  12:31  Missile Turret, Marine  
  100  12:35  Marauder  
  104  12:38  Fusion Core, Command Center  
  104  12:41  Marine  
  105  12:50  Marine  
  104  12:53  Marine  
  104  12:54  Engineering Bay  
  104  12:56  Marine  
  102  12:59  Marine  
  102  13:03  Bunker  
  98  13:08  Marine  
  98  13:11  Marine  
  87  13:14  Marauder  
  87  13:17  Marine  
  84  13:23  Widow Mine  
  84  13:25  Terran Infantry Armor Level 2  
  84  13:26  Marine  
  86  13:29  Marine  
  87  13:35  Marauder  
  87  13:36  Marauder  
  91  13:44  Marine  
  91  13:46  Marine  
  93  13:50  Supply Depot  
  93  13:55  Siege Tank  
  96  13:56  Marine  
  96  13:57  Widow Mine, Marine  
  96  13:58  SCV  
  96  14:01  SCV, Marine  
  102  14:04  Marine  
  103  14:14  Marine  
  103  14:15  Marauder  
  106  14:19  Marine  
  106  14:22  Marine  
  108  14:25  Refinery  
  108  14:26  Refinery  
  108  14:31  Terran Infantry Weapons Level 3  
  108  14:32  Marine  
  108  14:33  Terran Vehicle Weapons Level 2  
  108  14:36  Marauder  
  108  14:37  Marine  
  112  14:38  Refinery  
  112  14:40  Marine  
  113  14:50  Marine  
  114  14:55  Marine  
  114  14:58  Marauder  
  117  15:01  Missile Turret  
  117  15:02  Missile Turret  
  117  15:08  Marauder  
  117  15:12  Marine  
  117  15:13  Marine  
  117  15:19  Marauder  
  106  15:25  Widow Mine  
  90  15:29  Marine  
  90  15:30  Marine x2  
  90  15:34  Medivac  
  89  15:39  Medivac  
  89  15:40  Marine  
  83  15:46  Siege Tank  
  83  15:47  Marine  
  83  15:48  Marine x2  
  85  15:57  Raven  
  85  15:58  Marine  
  88  16:04  SCV  
  88  16:05  Marine, Marauder  
  88  16:06  Marine  
  88  16:10  Siege Tank  
  96  16:11  Widow Mine  
  96  16:15  Marine  
  99  16:19  Bunker  
  99  16:22  Viking  
  99  16:23  Supply Depot, Starport Reactor, Marine  
  99  16:24  Marine  
  103  16:25  Starport Reactor  
  103  16:26  Hellion  
  103  16:30  Marine  
  91  16:34  Marine  
  85  16:40  Medivac  
  85  16:41  Marine  
  85  16:42  Marine, SCV  
  85  16:44  SCV  
  85  16:45  SCV  
  91  16:48  Supply Depot, Marine  
  91  16:49  Terran Ship Weapons Level 1  
  91  16:51  Command Center  
  91  16:52  Raven, Marine  
  95  16:58  Hellion  
  95  16:59  Marine  
  101  17:01  Siege Tank  
  101  17:08  Viking  
  103  17:10  Marauder  
  103  17:12  Viking  
  103  17:13  Supply Depot  
  109  17:16  Terran Infantry Armor Level 3, Hellion  
  109  17:19  Hellion  
  109  17:20  Infernal Pre-Igniter  
  111  17:23  Battlecruiser  
  111  17:27  Marauder  
  119  17:32  Marauder  
  119  17:35  Viking  
  123  17:38  Siege Tank  
  123  17:41  Siege Tank  
  129  17:45  Siege Tank  
  129  17:49  Marauder  
  134  17:53  Marauder  
  136  18:07  Refinery  
  136  18:10  Cyclone  
  139  18:13  Thor  
  139  18:14  Missile Turret  
  139  18:17  Missile Turret  
  145  18:20  Refinery  
  145  18:32  Building Armor  
  145  18:39  Bunker  
  145  18:49  High Capacity Fuel Tanks  
  145  18:58  Armory, SCV  
  139  19:05  SCV, Thor  
  145  19:10  Marine  
  145  19:11  Raven  
  145  19:14  Hellion  
  130  19:17  Cyclone, SCV  
  130  19:20  Marine  
  135  19:24  Marine  
  135  19:28  Marine, SCV  
  137  19:31  Marine  
  137  19:35  Raven  
  140  19:38  Marine  
  140  19:39  Viking  
  140  19:42  Viking  
Tags
 
Add a new tag
Caveats
  • Supply blocks, unpowered buildings, or Contaminate may cause inaccurate times.
  • Supply counts are checked every 10 seconds.